General information
- name: BNet
- type: Ladder team game (AT/RT)
- host: Battle.net
- saver: fighter
map: FullScaleAssault
- players: 8
- length: 62:37
- speed: Fast
- version: 1.26 W3XP
- replay type: Public
» download(325 KB)
Players
team 1 (loser)

»
Kloop (
yellow | 31 APM | 973 actions | 31:15)
7 Far Seer
3 Feral Spirit
3 Chain Lighting
1 Earth Quake
5 Tauren Chieftain
3 Endurance Aura
2 Shockwave
» actions
| Basic commands | 76 | |
| Build / train | 78 | |
| Enter build submenu | 44 | |
| Enter hero's abilities submenu | 12 | |
| Give item / drop item | 2 | |
| Remove unit from queue | 1 | |
| Right click | 284 | |
| Select / deselect | 365 | |
| Use ability | 111 | |
973 total
» units
| Peon | 24 | |
| Wind Rider | 11 | |
| Shaman | 6 | |
| Blue Drake | 1 | |
| Blue Dragon | 1 | |
| Wisp | 8 | |
51 total
» upgrades
| Armor | 1 | |
| Spiked Barricades | 1 | |
| Pillage | 1 | |
| Shaman Training | 2 | |
| Envenomed Spears | 1 | |
| Reinforced Defenses | 1 | |
7 total
» buildings
| Altar of Storms | 3 | |
| Orc Burrow | 12 | |
| Stronghold | 1 | |
| War Mill | 2 | |
| Voodoo Lounge | 5 | |
| Barracks | 2 | |
| Spirit Lodge | 1 | |
| Beastiary | 1 | |
| Fortress | 1 | |
| Great Hall | 3 | |
| Watch Tower | 6 | |
| Tree of Life | 2 | |
39 total
» build order
00:10 Altar of Storms
00:13 Altar of Storms
00:18 Orc Burrow
01:57 Stronghold
02:02 War Mill
02:32 Orc Burrow
03:08 Voodoo Lounge
04:19 Barracks
04:52 Spirit Lodge
05:14 Beastiary
05:42 Fortress
06:52 Orc Burrow
07:17 Orc Burrow
07:56 Orc Burrow
11:06 Orc Burrow
11:51 Great Hall
13:47 Orc Burrow
14:50 Watch Tower
16:13 Watch Tower
20:41 Great Hall
20:47 Orc Burrow
24:40 Altar of Storms
24:42 Orc Burrow
25:08 War Mill
25:15 Voodoo Lounge
25:25 Great Hall
27:01 Orc Burrow
27:04 Orc Burrow
27:07 Watch Tower
27:14 Watch Tower
27:17 Orc Burrow
27:20 Voodoo Lounge
28:47 Watch Tower
28:51 Barracks
29:08 Watch Tower
29:45 Voodoo Lounge
29:49 Voodoo Lounge
31:05 Tree of Life
31:10 Tree of Life
» items
| Periapt of Vitality | 1 | |
| Staff of Teleportation | 1 | |
| Scroll of Town Portal | 1 | |
3 total
THE_HOUND_ARYA (
blue | 66 APM | 4095 actions | 62:29)
10 Blademaster
3 Wind Walk
3 Critical Strike
1 Bladestorm
3 Mirror Image
» actions
| Assign group hotkey | 83 | |
| Basic commands | 11 | |
| Build / train | 101 | |
| Enter build submenu | 54 | |
| Enter hero's abilities submenu | 10 | |
| Give item / drop item | 5 | |
| Right click | 1757 | |
| Select / deselect | 414 | |
| Select group hotkey | 1333 | |
| Use ability | 327 | |
4095 total
» units
| Peon | 17 | |
| Wind Rider | 8 | |
| Goblin Shredder | 4 | |
| Goblin Zeppelin | 3 | |
| Raider | 4 | |
| Troll Batrider | 11 | |
| Wisp | 4 | |
| Demolisher | 4 | |
55 total
» upgrades
| Ranged Weapons | 2 | |
| Reinforced Defenses | 1 | |
| Armor | 2 | |
| Envenomed Spears | 1 | |
| Ensnare | 1 | |
| Melee Weapons | 2 | |
9 total
» buildings
| Altar of Storms | 2 | |
| Orc Burrow | 14 | |
| Voodoo Lounge | 2 | |
| Stronghold | 5 | |
| War Mill | 2 | |
| Beastiary | 9 | |
| Fortress | 2 | |
| Watch Tower | 73 | |
| Great Hall | 2 | |
| Tree of Life | 1 | |
| Barracks | 4 | |
116 total
» build order
00:11 Altar of Storms
00:21 Orc Burrow
01:03 Voodoo Lounge
02:06 Stronghold
02:35 War Mill
03:01 Orc Burrow
03:01 Orc Burrow
03:02 Orc Burrow
04:29 Beastiary
04:32 Beastiary
05:06 Beastiary
05:38 Fortress
05:38 Fortress
10:14 Beastiary
11:03 Watch Tower
11:03 Watch Tower
11:04 Watch Tower
11:04 Watch Tower
11:05 Watch Tower
11:07 Watch Tower
11:16 Watch Tower
11:17 Watch Tower
11:18 Watch Tower
11:19 Watch Tower
11:50 Watch Tower
11:51 Watch Tower
13:52 Watch Tower
13:52 Watch Tower
13:54 Watch Tower
13:54 Watch Tower
13:54 Watch Tower
15:09 Watch Tower
15:09 Watch Tower
15:26 Great Hall
15:28 Watch Tower
15:29 Watch Tower
15:29 Watch Tower
15:31 Watch Tower
15:56 Watch Tower
15:57 Watch Tower
17:08 War Mill
17:10 Watch Tower
17:10 Watch Tower
17:14 Stronghold
17:23 Beastiary
17:26 Beastiary
18:09 Orc Burrow
18:10 Orc Burrow
18:13 Orc Burrow
18:15 Orc Burrow
18:45 Watch Tower
18:46 Watch Tower
19:03 Watch Tower
19:03 Watch Tower
19:04 Watch Tower
19:04 Watch Tower
19:05 Watch Tower
19:17 Orc Burrow
19:23 Watch Tower
20:09 Stronghold
20:25 Orc Burrow
21:50 Voodoo Lounge
24:58 Watch Tower
24:59 Watch Tower
24:59 Watch Tower
24:59 Watch Tower
25:01 Watch Tower
27:33 Watch Tower
27:33 Watch Tower
27:34 Watch Tower
27:35 Watch Tower
27:36 Watch Tower
27:37 Watch Tower
27:37 Watch Tower
28:45 Altar of Storms
29:52 Watch Tower
29:52 Watch Tower
30:37 Orc Burrow
30:38 Orc Burrow
30:40 Orc Burrow
35:09 Watch Tower
35:10 Watch Tower
35:10 Watch Tower
35:11 Watch Tower
35:11 Watch Tower
35:12 Watch Tower
36:25 Watch Tower
36:25 Watch Tower
36:25 Watch Tower
36:26 Watch Tower
38:17 Watch Tower
38:17 Watch Tower
38:17 Watch Tower
38:18 Watch Tower
38:19 Watch Tower
38:19 Watch Tower
39:22 Watch Tower
39:24 Watch Tower
39:24 Watch Tower
39:24 Watch Tower
42:13 Stronghold
42:34 Watch Tower
42:35 Watch Tower
42:36 Watch Tower
42:36 Watch Tower
43:20 Tree of Life
45:15 Beastiary
45:32 Beastiary
45:52 Beastiary
53:21 Great Hall
57:52 Barracks
57:53 Barracks
57:54 Barracks
58:33 Orc Burrow
59:08 Barracks
» items
| Healing Salve | 2 | |
| Lesser Clarity Potion | 3 | |
| Staff of Teleportation | 1 | |
| Tiny Great Hall | 1 | |
| Scroll of Town Portal | 3 | |
| Orb of Lightning | 1 | |
| Potion of Invisibility | 1 | |
| Potion of Lesser Invulnerability | 1 | |
| Boots of Speed | 1 | |
| Potion of Mana | 1 | |
15 total
Salight (
orange | 32 APM | 809 actions | 25:05)
4 Keeper of the Grove
2 Entangling Roots
2 Thorns Aura
2 Priestess of the Moon
1 Trueshot Aura
1 Searing Arrows
» actions
| Assign group hotkey | 20 | |
| Basic commands | 126 | |
| Build / train | 80 | |
| Enter build submenu | 36 | |
| Enter hero's abilities submenu | 6 | |
| Give item / drop item | 1 | |
| Right click | 104 | |
| Select / deselect | 235 | |
| Select group hotkey | 143 | |
| Use ability | 58 | |
809 total
» units
| Wisp | 34 | |
| Archer | 5 | |
| Huntress | 7 | |
| Hippogryph | 1 | |
| Druid of the Talon | 2 | |
| Chimaera | 1 | |
| Glaive Thrower | 4 | |
54 total
» upgrades
| Strength of the Moon | 2 | |
| Moon Armor | 1 | |
| Sentinel | 1 | |
| Ultravision | 1 | |
| Druid of the Talon Training | 1 | |
| Well Spring | 1 | |
| Corrosive Breath | 1 | |
| Strength of the Wild | 2 | |
| Upgrade Moon Glaive | 1 | |
| Reinforced Hides | 1 | |
| Vorpal Blades | 1 | |
| Improved Bows | 1 | |
14 total
» buildings
| Moon Well | 9 | |
| Altar of Elders | 2 | |
| Ancient of War | 3 | |
| Hunter's Hall | 2 | |
| Ancient of Wonders | 2 | |
| Tree of Ages | 2 | |
| Ancient Protector | 6 | |
| Tree of Life | 3 | |
| Ancient of Wind | 3 | |
| Tree of Eternity | 1 | |
| Chimaera Roost | 2 | |
35 total
» build order
00:46 Moon Well
00:57 Altar of Elders
01:42 Ancient of War
02:15 Moon Well
02:35 Moon Well
03:08 Hunter's Hall
03:34 Ancient of Wonders
04:14 Tree of Ages
05:10 Ancient Protector
05:17 Ancient Protector
07:09 Tree of Life
07:19 Moon Well
07:42 Ancient Protector
07:46 Ancient Protector
07:50 Ancient Protector
08:06 Ancient of Wind
08:40 Tree of Eternity
11:05 Chimaera Roost
12:06 Ancient Protector
12:48 Chimaera Roost
14:34 Moon Well
16:33 Moon Well
16:55 Moon Well
17:30 Altar of Elders
17:41 Ancient of War
17:49 Moon Well
18:11 Moon Well
18:29 Ancient of Wonders
18:33 Tree of Ages
18:52 Hunter's Hall
19:17 Tree of Life
20:11 Ancient of War
21:42 Ancient of Wind
22:53 Ancient of Wind
24:14 Tree of Life
» items

»
pattier (
purple | 52 APM | 1708 actions | 32:40)
4 Paladin
2 Holy Light
1 Divine Shield
1 Devotion Aura
5 Archmage
3 Brilliance Aura
1 Summon Water Elemental
1 Blizzard
» actions
| Assign group hotkey | 20 | |
| Build / train | 101 | |
| Enter build submenu | 29 | |
| Enter hero's abilities submenu | 9 | |
| Remove unit from queue | 1 | |
| Right click | 886 | |
| Select / deselect | 248 | |
| Select group hotkey | 310 | |
| Use ability | 104 | |
1708 total
» units
| Peasant | 19 | |
| Footman | 11 | |
| Goblin Shredder | 1 | |
| Priest | 6 | |
| Knight | 8 | |
45 total
» upgrades
| Masonry | 3 | |
| Swords | 3 | |
| Plating | 3 | |
| Lumber Harvesting | 1 | |
| Priest Training | 2 | |
| Animal War Training | 1 | |
| Magic Sentry | 1 | |
14 total
» buildings
| Altar of Kings | 1 | |
| Lumber Mill | 1 | |
| Farm | 22 | |
| Arcane Vault | 1 | |
| Barracks | 2 | |
| Scout Tower | 26 | |
| Blacksmith | 1 | |
| Arcane Tower | 10 | |
| Guard Tower | 13 | |
| Keep | 1 | |
| Town Hall | 1 | |
| Arcane Sanctum | 2 | |
| Castle | 1 | |
82 total
» build order
00:16 Altar of Kings
00:29 Lumber Mill
00:40 Farm
00:43 Farm
00:45 Farm
00:46 Farm
00:48 Farm
00:49 Farm
00:51 Farm
00:55 Farm
00:56 Farm
00:58 Farm
00:59 Farm
01:00 Farm
01:01 Farm
01:02 Farm
01:50 Arcane Vault
02:20 Barracks
02:34 Barracks
02:57 Scout Tower
03:01 Scout Tower
03:03 Scout Tower
03:06 Scout Tower
03:07 Scout Tower
03:10 Scout Tower
03:12 Scout Tower
03:50 Blacksmith
04:25 Arcane Tower
04:58 Scout Tower
05:01 Scout Tower
05:02 Scout Tower
05:45 Guard Tower
05:53 Scout Tower
06:51 Keep
07:44 Guard Tower
07:46 Guard Tower
07:49 Guard Tower
08:27 Guard Tower
08:29 Arcane Tower
08:32 Arcane Tower
08:35 Arcane Tower
09:15 Town Hall
09:31 Scout Tower
09:33 Scout Tower
09:35 Scout Tower
09:36 Scout Tower
10:00 Scout Tower
10:01 Scout Tower
10:03 Scout Tower
10:04 Scout Tower
10:06 Scout Tower
10:07 Scout Tower
10:35 Arcane Tower
12:02 Arcane Tower
12:19 Guard Tower
13:11 Arcane Sanctum
13:17 Arcane Sanctum
14:07 Castle
15:06 Arcane Tower
15:08 Arcane Tower
15:13 Guard Tower
19:51 Arcane Tower
20:48 Scout Tower
20:50 Scout Tower
20:52 Scout Tower
21:02 Farm
21:05 Farm
21:34 Guard Tower
23:58 Scout Tower
24:01 Scout Tower
25:37 Guard Tower
25:39 Arcane Tower
25:42 Guard Tower
25:44 Guard Tower
25:46 Guard Tower
25:48 Guard Tower
26:33 Farm
26:35 Farm
26:38 Farm
26:46 Farm
26:48 Farm
26:49 Farm
» items
| Lesser Clarity Potion | 2 | |
| Scroll of Regeneration | 1 | |
| Orb of Fire | 1 | |
| Scroll of Town Portal | 1 | |
5 total
team 2 (winner)
D[o.O]Q (
red | 35 APM | 2206 actions | 62:29)
8 Blademaster
2 Wind Walk
3 Critical Strike
1 Bladestorm
2 Mirror Image
6 Shadow Hunter
2 Healing Wave
3 Hex
1 Big Bad Voodoo
» actions
| Assign group hotkey | 24 | |
| Basic commands | 1 | |
| Build / train | 120 | |
| Enter build submenu | 29 | |
| Enter hero's abilities submenu | 14 | |
| Give item / drop item | 4 | |
| Right click | 793 | |
| Select / deselect | 366 | |
| Select group hotkey | 718 | |
| Use ability | 137 | |
2206 total
» units
| Peon | 27 | |
| Wind Rider | 26 | |
| Troll Witch Doctor | 9 | |
| Shaman | 7 | |
| Raider | 1 | |
| Demolisher | 4 | |
| Goblin Zeppelin | 2 | |
76 total
» upgrades
| Ranged Weapons | 3 | |
| Armor | 3 | |
| Witch Doctor Training | 2 | |
| Shaman Training | 2 | |
| Envenomed Spears | 1 | |
| Burning Oil | 1 | |
12 total
» buildings
| Altar of Storms | 1 | |
| Orc Burrow | 10 | |
| Voodoo Lounge | 1 | |
| War Mill | 1 | |
| Stronghold | 1 | |
| Beastiary | 2 | |
| Spirit Lodge | 1 | |
| Fortress | 1 | |
| Great Hall | 3 | |
| Watch Tower | 8 | |
| Barracks | 1 | |
30 total
» build order
00:08 Altar of Storms
00:16 Orc Burrow
01:14 Voodoo Lounge
01:40 War Mill
02:34 Orc Burrow
02:48 Stronghold
03:27 Orc Burrow
03:54 Orc Burrow
05:17 Beastiary
05:18 Beastiary
05:36 Spirit Lodge
07:51 Fortress
08:36 Great Hall
09:59 Watch Tower
10:09 Orc Burrow
11:26 Watch Tower
13:59 Watch Tower
15:43 Orc Burrow
19:25 Great Hall
21:41 Great Hall
24:35 Watch Tower
28:45 Orc Burrow
29:26 Orc Burrow
29:31 Watch Tower
33:22 Watch Tower
34:53 Watch Tower
36:44 Watch Tower
37:28 Barracks
37:33 Orc Burrow
38:36 Orc Burrow
» items
| Healing Salve | 3 | |
| Lesser Clarity Potion | 5 | |
| Boots of Speed | 1 | |
| Orb of Lightning | 1 | |
| Scroll of Town Portal | 2 | |
12 total
michael. (
pink | 47 APM | 2716 actions | 58:02)
4 Archmage
2 Summon Water Elemental
2 Brilliance Aura
3 Mountain King
2 Storm Bolt
1 Bash
» actions
| Assign group hotkey | 14 | |
| Basic commands | 147 | |
| Build / train | 183 | |
| ESC pressed | 37 | |
| Enter build submenu | 63 | |
| Enter hero's abilities submenu | 7 | |
| Remove unit from queue | 3 | |
| Right click | 1079 | |
| Select / deselect | 859 | |
| Select group hotkey | 149 | |
| Use ability | 175 | |
2716 total
» units
| Peasant | 86 | |
| Siege Engine | 32 | |
| Goblin Zeppelin | 2 | |
| Flying Machine | 5 | |
| Mortar Team | 6 | |
| Blue Dragon | 1 | |
132 total
» upgrades
| Masonry | 2 | |
| Swords | 1 | |
| Armor | 1 | |
| Gunpowder | 3 | |
| Plating | 3 | |
| Barrage | 1 | |
| Flak Cannons | 1 | |
12 total
» buildings
| Lumber Mill | 2 | |
| Farm | 11 | |
| Altar of Kings | 1 | |
| Keep | 4 | |
| Blacksmith | 3 | |
| Scout Tower | 20 | |
| Town Hall | 10 | |
| Guard Tower | 7 | |
| Castle | 1 | |
| Workshop | 5 | |
| Arcane Vault | 1 | |
65 total
» build order
00:33 Lumber Mill
00:35 Lumber Mill
02:27 Farm
02:56 Farm
02:57 Farm
03:13 Farm
03:37 Altar of Kings
05:26 Keep
05:33 Blacksmith
05:35 Blacksmith
06:43 Scout Tower
06:44 Scout Tower
06:46 Scout Tower
06:47 Scout Tower
06:48 Scout Tower
06:50 Scout Tower
06:54 Town Hall
07:17 Guard Tower
07:19 Scout Tower
08:16 Guard Tower
08:18 Castle
08:21 Workshop
08:22 Workshop
08:23 Workshop
08:55 Arcane Vault
10:28 Farm
10:29 Farm
10:32 Farm
11:22 Farm
11:22 Farm
11:25 Farm
16:04 Farm
19:33 Scout Tower
19:35 Scout Tower
19:35 Scout Tower
19:36 Scout Tower
19:37 Scout Tower
19:37 Scout Tower
19:38 Scout Tower
19:39 Scout Tower
19:40 Scout Tower
20:22 Guard Tower
20:22 Guard Tower
21:38 Guard Tower
22:07 Guard Tower
22:19 Workshop
22:20 Workshop
28:03 Town Hall
29:40 Town Hall
29:47 Town Hall
34:51 Town Hall
35:56 Town Hall
36:35 Town Hall
37:22 Town Hall
38:07 Town Hall
39:57 Town Hall
40:43 Blacksmith
40:44 Keep
41:20 Keep
41:21 Keep
56:15 Scout Tower
56:15 Scout Tower
56:16 Scout Tower
56:17 Scout Tower
» items
| Scroll of Town Portal | 7 | |
| Tiny Great Hall | 5 | |
| Orb of Fire | 1 | |
13 total
fighter (
teal | 77 APM | 4845 actions | 62:37)
7 Archmage
2 Summon Water Elemental
2 Brilliance Aura
2 Blizzard
1 Mass Teleport
4 Blood Mage
2 Flame Strike
2 Banish
» actions
| Assign group hotkey | 99 | |
| Basic commands | 709 | |
| Build / train | 262 | |
| ESC pressed | 9 | |
| Enter build submenu | 89 | |
| Enter hero's abilities submenu | 11 | |
| Give item / drop item | 5 | |
| Right click | 1515 | |
| Select / deselect | 597 | |
| Select group hotkey | 1153 | |
| Use ability | 396 | |
4845 total
» units
| Peasant | 22 | |
| Footman | 4 | |
| Goblin Zeppelin | 7 | |
| Goblin Shredder | 4 | |
| Gryphon Rider | 2 | |
| Goblin Sapper | 18 | |
| Blue Dragon | 5 | |
| Dragonhawk Rider | 1 | |
63 total
» upgrades
| Masonry | 3 | |
| Swords | 3 | |
| Lumber Harvesting | 2 | |
| Animal War Training | 1 | |
| Storm Hammers | 1 | |
| Cloud | 1 | |
| Armor | 3 | |
14 total
» buildings
| Altar of Kings | 1 | |
| Barracks | 1 | |
| Farm | 15 | |
| Arcane Vault | 2 | |
| Town Hall | 4 | |
| Scout Tower | 94 | |
| Lumber Mill | 1 | |
| Keep | 9 | |
| Guard Tower | 109 | |
| Blacksmith | 1 | |
| Castle | 7 | |
| Gryphon Aviary | 5 | |
249 total
» build order
00:56 Altar of Kings
00:58 Barracks
01:01 Farm
01:11 Farm
01:29 Farm
01:55 Farm
02:15 Arcane Vault
02:49 Farm
03:55 Town Hall
04:36 Scout Tower
04:37 Scout Tower
04:37 Scout Tower
04:38 Scout Tower
04:39 Scout Tower
04:40 Scout Tower
05:09 Lumber Mill
06:14 Keep
06:14 Keep
06:21 Guard Tower
06:21 Guard Tower
06:22 Guard Tower
06:22 Guard Tower
06:39 Scout Tower
06:39 Scout Tower
06:40 Scout Tower
06:43 Scout Tower
06:44 Scout Tower
06:52 Blacksmith
07:15 Guard Tower
07:59 Guard Tower
08:56 Scout Tower
08:57 Scout Tower
08:59 Scout Tower
09:00 Scout Tower
09:01 Scout Tower
09:02 Scout Tower
09:05 Scout Tower
09:15 Castle
09:16 Castle
09:16 Castle
09:49 Guard Tower
09:50 Guard Tower
09:50 Guard Tower
11:12 Guard Tower
11:12 Guard Tower
11:17 Gryphon Aviary
11:18 Gryphon Aviary
12:42 Scout Tower
12:43 Scout Tower
12:45 Scout Tower
12:46 Scout Tower
12:47 Scout Tower
12:47 Scout Tower
13:21 Town Hall
13:23 Scout Tower
13:24 Scout Tower
13:25 Scout Tower
13:25 Scout Tower
13:41 Scout Tower
13:41 Scout Tower
13:43 Scout Tower
13:44 Scout Tower
13:44 Scout Tower
13:45 Scout Tower
13:46 Scout Tower
13:48 Scout Tower
13:48 Scout Tower
13:49 Scout Tower
13:50 Scout Tower
13:51 Scout Tower
13:55 Guard Tower
13:55 Guard Tower
14:41 Guard Tower
14:42 Guard Tower
14:42 Guard Tower
15:13 Guard Tower
15:13 Guard Tower
15:13 Guard Tower
15:20 Gryphon Aviary
15:21 Gryphon Aviary
15:25 Gryphon Aviary
15:35 Scout Tower
15:36 Scout Tower
15:36 Scout Tower
15:37 Scout Tower
15:38 Scout Tower
15:39 Scout Tower
15:41 Scout Tower
15:42 Scout Tower
15:43 Scout Tower
15:43 Scout Tower
15:45 Scout Tower
16:09 Guard Tower
16:10 Guard Tower
16:10 Guard Tower
16:30 Guard Tower
16:31 Guard Tower
16:58 Guard Tower
16:58 Guard Tower
17:32 Guard Tower
17:32 Guard Tower
17:35 Arcane Vault
18:12 Scout Tower
18:13 Scout Tower
18:14 Scout Tower
18:16 Scout Tower
18:17 Scout Tower
18:49 Guard Tower
18:49 Guard Tower
18:49 Guard Tower
18:50 Guard Tower
18:50 Guard Tower
18:50 Guard Tower
18:51 Guard Tower
18:51 Guard Tower
19:19 Guard Tower
21:23 Town Hall
21:26 Scout Tower
21:27 Scout Tower
21:27 Scout Tower
21:28 Scout Tower
21:29 Scout Tower
21:30 Scout Tower
21:31 Scout Tower
21:32 Scout Tower
21:33 Scout Tower
21:33 Scout Tower
21:34 Scout Tower
21:35 Scout Tower
21:36 Scout Tower
21:36 Scout Tower
21:37 Scout Tower
21:38 Scout Tower
21:58 Guard Tower
21:58 Guard Tower
21:58 Guard Tower
22:16 Guard Tower
22:16 Guard Tower
22:16 Guard Tower
22:24 Guard Tower
22:24 Guard Tower
22:24 Guard Tower
22:32 Guard Tower
22:37 Guard Tower
22:37 Guard Tower
23:01 Guard Tower
23:01 Guard Tower
23:34 Guard Tower
23:35 Guard Tower
23:35 Guard Tower
23:42 Guard Tower
23:42 Guard Tower
23:49 Guard Tower
23:49 Guard Tower
23:54 Scout Tower
23:57 Farm
23:58 Farm
24:12 Farm
24:14 Farm
25:10 Guard Tower
25:10 Guard Tower
26:06 Farm
26:10 Farm
26:13 Scout Tower
26:16 Scout Tower
26:17 Keep
26:18 Keep
26:18 Keep
27:01 Scout Tower
27:03 Scout Tower
27:04 Scout Tower
27:08 Farm
27:09 Farm
27:11 Farm
27:12 Farm
27:39 Guard Tower
27:39 Guard Tower
31:36 Town Hall
31:38 Scout Tower
31:50 Scout Tower
31:51 Scout Tower
31:58 Scout Tower
31:58 Scout Tower
32:00 Scout Tower
32:01 Scout Tower
32:02 Scout Tower
32:03 Scout Tower
32:05 Scout Tower
32:06 Scout Tower
32:26 Guard Tower
32:27 Guard Tower
33:08 Guard Tower
33:08 Guard Tower
34:05 Guard Tower
34:05 Guard Tower
34:05 Guard Tower
34:07 Scout Tower
34:08 Scout Tower
34:09 Scout Tower
35:01 Guard Tower
35:02 Guard Tower
35:02 Guard Tower
35:04 Scout Tower
35:05 Scout Tower
35:08 Guard Tower
35:08 Guard Tower
35:13 Guard Tower
35:13 Guard Tower
35:14 Guard Tower
35:16 Castle
35:16 Castle
» items
| Scroll of Regeneration | 5 | |
| Mechanical Critter | 2 | |
| Staff of Teleportation | 2 | |
| Tome of Retraining | 1 | |
| Periapt of Vitality | 2 | |
| Boots of Speed | 1 | |
| Staff of Sanctuary | 1 | |
| Lesser Clarity Potion | 1 | |
| Potion of Healing | 1 | |
| Potion of Mana | 1 | |
17 total
Petrovich (
green | 17 APM | 1079 actions | 62:29)
8 Paladin
3 Holy Light
2 Divine Shield
3 Devotion Aura
» actions
| Basic commands | 11 | |
| Build / train | 122 | |
| Enter build submenu | 48 | |
| Enter hero's abilities submenu | 8 | |
| Give item / drop item | 1 | |
| Right click | 407 | |
| Select / deselect | 379 | |
| Use ability | 103 | |
1079 total
» units
| Peasant | 18 | |
| Footman | 2 | |
| Rifleman | 8 | |
| Goblin Shredder | 2 | |
| Goblin Zeppelin | 1 | |
| Knight | 27 | |
| Siege Engine | 2 | |
| Mortar Team | 12 | |
72 total
» upgrades
| Gunpowder | 3 | |
| Swords | 3 | |
| Masonry | 3 | |
| Plating | 3 | |
| Armor | 3 | |
| Animal War Training | 1 | |
| Barrage | 1 | |
| Flare | 1 | |
| Fragmentation Shards | 1 | |
| Lumber Harvesting | 1 | |
20 total
» buildings
| Lumber Mill | 1 | |
| Farm | 19 | |
| Altar of Kings | 1 | |
| Barracks | 4 | |
| Blacksmith | 1 | |
| Keep | 1 | |
| Castle | 1 | |
| Arcane Vault | 1 | |
| Workshop | 3 | |
| Town Hall | 2 | |
| Scout Tower | 16 | |
| Guard Tower | 16 | |
66 total
» build order
00:09 Lumber Mill
00:14 Farm
00:57 Farm
01:25 Altar of Kings
01:38 Farm
01:42 Barracks
01:51 Barracks
02:02 Barracks
02:21 Blacksmith
02:28 Farm
04:34 Farm
05:47 Keep
08:46 Castle
09:03 Arcane Vault
09:27 Barracks
10:10 Workshop
10:17 Workshop
11:39 Farm
11:42 Farm
12:07 Town Hall
12:14 Scout Tower
12:16 Scout Tower
12:19 Scout Tower
12:22 Scout Tower
12:35 Workshop
12:41 Farm
12:47 Guard Tower
12:49 Guard Tower
12:50 Guard Tower
12:52 Guard Tower
12:55 Scout Tower
12:58 Scout Tower
13:01 Scout Tower
13:31 Guard Tower
13:32 Guard Tower
13:34 Guard Tower
13:37 Scout Tower
13:40 Scout Tower
13:43 Scout Tower
14:56 Guard Tower
14:58 Guard Tower
14:59 Guard Tower
18:14 Farm
22:30 Farm
22:35 Farm
22:38 Farm
23:47 Farm
24:27 Scout Tower
24:31 Scout Tower
24:39 Scout Tower
25:01 Guard Tower
25:02 Guard Tower
25:07 Scout Tower
25:14 Scout Tower
25:17 Guard Tower
25:19 Scout Tower
25:39 Guard Tower
25:49 Guard Tower
25:53 Guard Tower
38:30 Farm
38:37 Farm
38:39 Farm
38:42 Farm
38:45 Farm
39:12 Farm
47:42 Town Hall
» items
| Scroll of Town Portal | 2 | |
| Orb of Fire | 1 | |
3 total
Chat log
(00:08 / All) THE_HOUND_ARYA: yay i got pattier on my team
(00:26 / All) fighter: Who the hell is he
(00:27 / All) D[o.O]Q: lol
(00:35 / All) THE_HOUND_ARYA: a great 4v4 player
(00:45 / All) D[o.O]Q: lawl
(00:47 / All) fighter: He's not as good as me, and he is 565-615
(00:51 / All) michael.: hes not my king, I didn't vote for him.
(01:14 / All) THE_HOUND_ARYA: geoffry u mean?
(01:21 / All) THE_HOUND_ARYA: god damn games of throne is tight
(01:25 / All) THE_HOUND_ARYA: watched it for first time
(01:25 / All) michael.: no. click on a peon 12 times
(01:37 / All) fighter: that's from monty python you fucker, wc3 has it as a reference
(01:40 / All) fighter: it isn't original to this game
(01:46 / All) michael.: it is from monte python my fault
(01:48 / All) THE_HOUND_ARYA: skyrim ripped off games of throne
(01:50 / All) michael.: xD and family guy made it
(02:00 / All) michael.: >implying game of thrones hasnt been told countless times
(02:13 / All) fighter: >implying green text fucking works in 4v4 chat
(02:16 / All) michael.: great series
(02:28 / All) THE_HOUND_ARYA: floral reign is this an old show?
(02:35 / All) michael.: yes
(02:37 / All) fighter: What boards do you visit pink, I bet you have shit taste in chans
(02:40 / All) michael.: esentially same concept
(02:48 / All) michael.: >implying i'm not making all of this up
(03:04 / Allies) michael.: i dont actaully go to chans
(03:09 / Allies) michael.: im more of a reddit fag
(03:12 / Allies) fighter: even worse when you use their culture
(03:16 / Allies) fighter: fucking redditfag
(03:18 / Allies) fighter: bet you're a liberal too
(03:27 / Allies) michael.: eh liberal on health, conservative on financials
(03:31 / All) THE_HOUND_ARYA: i can only watch tv shows that are at the very least, made from 2002 onward
(03:34 / All) THE_HOUND_ARYA: everything else is outdated
(04:20 / Allies) michael.: is 4 chan even still active?
(04:23 / Allies) fighter: yeah
(04:25 / Allies) fighter: it sucks now though
(04:31 / Allies) michael.: lol
(04:31 / Allies) michael.: why
(04:34 / Allies) michael.: i mean it always sucked
(04:55 / Allies) fighter: the people who made interesting content all left the internet or are ignored for people who just wants memes
(05:10 / Allies) michael.: open that for me
(05:12 / Allies) michael.: i will send milita
(05:15 / Allies) fighter: k
(05:19 / Allies) michael.: 6?
(05:24 / Allies) fighter: yeah
(05:27 / Allies) michael.: kk
(05:38 / Allies) fighter: that's what I do so if I fuck up I still have 5 to build
(05:45 / Allies) michael.: yellow there
(06:13 / Allies) michael.: go
(06:14 / Allies) michael.: i can finish
(06:14 / Allies) michael.: ty
(06:40 / Allies) fighter: ty
(07:30 / All) michael.: so am i like part of le9gagarmy
(07:35 / All) fighter: I hope not
(07:35 / All) michael.: or whatever fags clal themselves these day?
(07:43 / All) THE_HOUND_ARYA: wut is that
(08:08 / All) michael.: nice straight tech
(08:19 / All) THE_HOUND_ARYA: leave him alone jerk
(08:50 / All) THE_HOUND_ARYA: this is an orc world, human
(10:07 / Allies) michael.: red how long on ur fort
(10:16 / Allies) michael.: winn
(10:36 / All) THE_HOUND_ARYA: do u guys think lesser of me that the only nakid chicks i ever seen have been my mom and sister
(10:47 / All) michael.: no, infact i think more of you
(13:14 / All) michael.: u guys like nanny mcphe?
(13:19 / All) michael.: shes a tough nany
(13:22 / All) michael.: but she gets what kids need.
(14:06 / All) michael.: some people call me the space cowboy.
(14:11 / All) michael.: some people call me the gangster of love
(14:16 / All) michael.: some newfags call me aurice
(14:18 / All) THE_HOUND_ARYA: cowboy beebop!!!!!!!!!
(15:12 / Allies) michael.: tp
(15:18 / Allies) michael.: i have scrolls
(15:50 / Allies) D[o.O]Q: gj
(16:22 / All) michael.: pro strat right?
(16:24 / All) michael.: yea im mlg
(17:16 / All) fighter: purple is very good 4v4 player lol
(17:27 / All) michael.: hes legendary
(17:46 / All) fighter: only thing legendary about him is that he is currenlty getting his ass kicked by me
(18:49 / Allies) D[o.O]Q: tp?
(20:11 / Allies) D[o.O]Q: come to me
(20:12 / Allies) D[o.O]Q: green
(20:43 / Allies) michael.: teal?
(20:44 / Allies) michael.: are u afk?
(20:46 / Allies) michael.: teal is afk
(20:48 / Allies) michael.: lol
(20:48 / Allies) fighter: lmao
(20:52 / Allies) michael.: oh
(20:52 / Allies) fighter: I did more than you all game with 2 heros buddy
(20:53 / Allies) michael.: or not
(20:53 / Allies) michael.: lol
(21:00 / Allies) fighter: dont try to shit talk me
(21:05 / Allies) michael.: didnt see u were playing
(21:07 / Allies) michael.: xD just saw ur gold
(21:42 / Allies) michael.: can i have some gold / wood?
(21:51 / Allies) fighter: if you promise not to kill me with tanks for hoarding
(21:57 / Allies) michael.: of course i wouldnt
(22:00 / Allies) michael.: u have too many towers to focus
(22:02 / Allies) michael.: i promise i wont lol
(22:09 / Allies) fighter: k
(22:10 / Allies) michael.: <3
(22:38 / All) fighter: LOL
(22:39 / Allies) michael.: i like ur style teal
(22:41 / Allies) michael.: i must say that
(22:51 / All) fighter: purp paladin shitting bricks
(23:11 / Allies) michael.: expo
(23:12 / Allies) michael.: plus a base
(23:58 / Allies) D[o.O]Q: gold?
(24:20 / All) Kloop: fuckin semen sucker
(24:23 / All) michael.: ?
(24:27 / All) michael.: why u mad bro?
(24:46 / All) Kloop: ich habe keine base
(24:52 / All) michael.: english u german fuck
(24:57 / All) fighter: tyskskit
(25:23 / Allies) michael.: teal
(25:24 / Allies) michael.: wanna gold me xD
(25:37 / Allies) fighter: I don't want the game to end too soon
(25:40 / Allies) fighter: our team is too strong
(25:42 / Allies) michael.: :(
(26:06 / All) michael.: yello the furhor would be upset with u
(29:25 / Allies) michael.: gold please
(29:31 / Allies) michael.: 100 for expo
(29:32 / All) THE_HOUND_ARYA: y did u cancel ur hall there pink before i unwindwalked
(29:34 / Allies) michael.: ty
(29:55 / All) Kloop: sprechen sie deutsch?
(32:40 / All) D[o.O]Q: zzzzz
(32:42 / Allies) michael.: o shit
(32:48 / Allies) michael.: army coming
(32:49 / Allies) michael.: aww yea
(33:16 / Allies) fighter: best to hoard in 4v4
(33:20 / Allies) fighter: and get tons of gold before going into upkeep
(33:22 / Allies) fighter: using heroes and shit
(33:33 / Allies) michael.: intersting strategy
(33:35 / Allies) michael.: to say the least
(35:59 / All) michael.: so blue
(36:01 / All) michael.: whats the game plan?
(36:28 / Allies) D[o.O]Q: lets go
(36:40 / All) THE_HOUND_ARYA: kill idiot reds wyverns
(38:35 / Allies) fighter: When are we hitting, pals?
(38:44 / Allies) D[o.O]Q: we should
(38:45 / Allies) michael.: on ur mark
(38:50 / Allies) michael.: u have the tower defeater
(39:07 / Allies) fighter: I'm never gonna give the order if that means I can have a potentially hundreds of hour long game, because none of you will at
(39:09 / Allies) fighter: tack if I say so
(39:13 / Allies) fighter: my record game is 19 hours I'
(39:15 / Allies) fighter: d like to beat that
(39:40 / All) THE_HOUND_ARYA: nice bolt hacker retard
(40:18 / Allies) D[o.O]Q: go?
(40:24 / Allies) fighter: go
(40:35 / Allies) fighter: GO
(40:37 / Allies) fighter: ATTACK BRETHREN!
(40:39 / Allies) fighter: HIT!
(40:44 / Allies) fighter: ATTACK!
(41:00 / Allies) fighter: GO WTF
(41:01 / Allies) D[o.O]Q: gooo
(41:03 / Allies) michael.: k
(41:05 / Allies) fighter: YEAH GO
(41:06 / Allies) fighter: GO RED
(41:06 / Allies) michael.: going
(41:07 / Allies) fighter: YOU FIRST
(41:53 / Allies) michael.: teal :(
(41:53 / Allies) michael.: why
(42:00 / Allies) fighter: I AM THE GOLD HOARDER, NOT YOU!
(42:01 / Allies) michael.: lol
(42:03 / Allies) michael.: hes team killing
(42:14 / Allies) michael.: <.<
(42:14 / All) fighter: THOSE MINES ARE MY PROPERTY
(42:19 / Allies) michael.: lol.
(42:19 / Allies) michael.: fml
(42:20 / Allies) michael.: lolol
(42:21 / All) fighter: YOU DO NOT MINE GOLD MINES YOU DO NOT HAVE PERMITS TO IN REAL LIFE
(42:23 / All) fighter: AND YOU DO NOT IN WC3 EITHER
(43:17 / All) fighter: PINK
(43:21 / Allies) michael.: ?
(43:22 / All) fighter: YOU NEED TO APPLY FOR A PERMIT TO MINE THIS GOLD
(43:22 / Allies) michael.: lol
(43:23 / All) fighter: OK?
(43:23 / Allies) michael.: <.<
(43:27 / Allies) michael.: kk
(43:31 / All) fighter: SO APPLY
(43:32 / All) THE_HOUND_ARYA: can ya homos plz leave
(43:33 / Allies) michael.: what should i call you
(43:35 / All) fighter: AND YOU CAN CONSTRUCT THESE HALSL NEXT TIME
(43:35 / Allies) michael.: prospector?
(43:36 / All) fighter: BUT UNTIL THEN
(43:42 / All) fighter: THIS LAND IS NOT YOUR PROPERTY
(43:44 / All) fighter: OK?
(43:46 / Allies) michael.: ok
(43:50 / All) fighter: I AM THE GOVERNOR, I AM THE MASTER OF BATTLE.NET
(44:01 / All) michael.: aye Goveneor, how much u recon for a 1500 gold mining permit?
(44:07 / All) michael.: want to prospect these here lands.
(44:19 / All) fighter: If you kill red you can mine all the right side and I will do nothing about it
(44:33 / All) fighter: Blue has that property
(44:34 / Allies) michael.: recon ill have to starve
(44:36 / All) D[o.O]Q: why hate me?
(45:16 / Allies) michael.: i dont even know
(45:24 / Allies) Petrovich: wtf
(45:43 / All) fighter: I have yet to lose a unit
(45:52 / Allies) michael.: this is fun
(45:53 / Allies) michael.: lol
(46:18 / All) THE_HOUND_ARYA: u fuckers have to be out of gold soon
(46:24 / All) fighter: RED IS DEAD
(46:25 / All) fighter: RED IS DEAD
(46:26 / All) fighter: RED IS DEAD
(46:27 / All) michael.: teal has 20,000
(46:29 / All) fighter: IF I SEE RED IT'S DEAD
(46:33 / All) THE_HOUND_ARYA: shut up hacker lol
(46:49 / All) D[o.O]Q: zzzzzzz
(46:57 / All) fighter: WHAT THE FUCK YOU TOOK MY FUCKING DRAGON
(46:58 / All) D[o.O]Q: teal raged
(46:59 / All) fighter: WAHT THE FUCK
(47:00 / All) fighter: WHAT GHE FUCK
(47:01 / All) fighter: WHAT THE FUCK
(47:07 / All) D[o.O]Q: teal raging
(47:09 / Allies) michael.: i thought we were just killing everything
(47:10 / Allies) michael.: LOL
(47:12 / All) fighter: Motherfucker you're dead now
(47:16 / All) fighter: I'm only slightly peeved red
(47:17 / All) fighter: Not angry
(47:21 / Allies) michael.: sorry govenor
(47:23 / All) D[o.O]Q: lol
(47:35 / All) D[o.O]Q: nothing to brag about teamkilling
(47:42 / All) D[o.O]Q: not to be smart
(47:45 / All) fighter: Thanks for not getting reinforced defenses and making my life easier
(47:47 / Allies) michael.: govenor, will u protect us from the walkers?
(47:52 / All) THE_HOUND_ARYA: nothing to be ashamed of losing in this fashion, either
(47:55 / All) THE_HOUND_ARYA: oh wait, yes there is
(47:56 / Allies) fighter: I'm evicting you all from my property
(48:00 / All) D[o.O]Q: thanks for losing your time
(48:01 / Allies) fighter: You're all to lose, you disobedient rats
(48:02 / All) D[o.O]Q: teal
(48:06 / Allies) michael.: :P:
(48:08 / Allies) michael.: loolol
(48:08 / All) fighter: You lost some time too
(48:11 / All) fighter: I enjoyed my time here
(48:15 / Allies) michael.: this is the funniest shit ive seen
(48:16 / All) D[o.O]Q: enjoyed?
(48:17 / All) D[o.O]Q: how
(48:23 / All) D[o.O]Q: you dont have life?
(48:24 / Allies) michael.: im not upset at all
(48:26 / All) fighter: I'm evicting you all from my property
(48:29 / Allies) D[o.O]Q: neither am i
(48:30 / All) fighter: Real estate is a fun business
(48:30 / All) THE_HOUND_ARYA: lawl
(48:32 / Allies) D[o.O]Q: pink
(48:34 / Allies) Petrovich: are you faq()pidor
(48:39 / All) THE_HOUND_ARYA: a lion does not concern himself with sheep, red
(48:41 / Allies) fighter: Who the hell is that?
(48:44 / Allies) fighter: I'm the mighty Rod Serling
(48:46 / Allies) fighter: and no other
(49:11 / All) THE_HOUND_ARYA: u guys got this coming cuz pink was an obvious hacker and u did nothing
(49:12 / Allies) michael.: teal can i keep my hero?
(49:17 / Allies) fighter: No
(49:20 / Allies) michael.: :9
(49:21 / Allies) michael.: :(
(49:22 / Allies) fighter: Not after stealing that dragon
(49:23 / Allies) fighter: You are dead
(49:26 / Allies) michael.: sorry
(49:31 / All) michael.: FOR AIUR
(50:05 / All) THE_HOUND_ARYA: i feel like a beast 1v4ing this
(50:10 / Allies) Petrovich: pidor
(50:21 / Allies) fighter: I'm not pidor, fedor
(50:22 / Allies) Petrovich: and
(50:29 / Allies) fighter: shut the fuck up and only speak if spoken to maggot
(50:36 / Allies) michael.: aye govenor
(50:50 / Allies) fighter: I meant that to green
(50:52 / Allies) fighter: You may speak
(50:57 / Allies) michael.: govenor
(50:58 / All) THE_HOUND_ARYA: good thing i got the island expos
(51:00 / Allies) michael.: i have a riddle from the east
(51:01 / All) THE_HOUND_ARYA: or this would have been close
(51:15 / All) fighter: Petrovich
(51:18 / All) fighter: Green is a Ruskie
(51:20 / Allies) michael.: can i tell ye the riddle govenor?
(51:24 / All) fighter: and your team had a Germ
(51:27 / Allies) fighter: Yes
(51:37 / Allies) michael.: aye what walks on 4 in the morning
(51:40 / Allies) michael.: 2 by noon
(51:43 / Allies) michael.: 3 at dusk
(51:46 / Allies) michael.: and none at midnight?
(52:09 / Allies) fighter: Man
(52:14 / Allies) fighter: 4 as a child
(52:16 / Allies) fighter: 2 as an adult
(52:17 / Allies) fighter: none in death
(52:20 / Allies) michael.: ah govenor, you are the smartest man in all of azeroth.
(52:22 / Allies) michael.: what is 3?
(52:26 / Allies) fighter: it's the sphinxes riddle
(52:29 / All) THE_HOUND_ARYA: watcya doing on that island there, chump
(52:31 / All) THE_HOUND_ARYA: my island
(52:34 / All) THE_HOUND_ARYA: my rules
(52:36 / Allies) michael.: bahhhh you are the smartest man in azeroth
(52:50 / Allies) michael.: well i heard this one from a chinaman working on the new railroad to connect ye properties
(52:54 / Allies) fighter: 3 is with a walking stick I think
(52:55 / Allies) fighter: at old age
(52:58 / Allies) fighter: I don't remember
(53:07 / Allies) fighter: not green, because I'm cutting his bases down
(53:20 / Allies) michael.: ar har har, the answer is Grass, the chinaman lied about the wheels
(54:10 / Allies) Petrovich: gandon
(54:20 / Allies) Petrovich: and
(54:38 / All) THE_HOUND_ARYA: aka kodos forsaken yo
(54:42 / All) fighter: Man this is a lot of buildings to clean up
(54:49 / All) fighter: I really don't want to kill all these, I wish my allies would just leave
(54:56 / Allies) fighter: Thanks man
(54:59 / Allies) fighter: It's appreciated, truly
(55:04 / All) THE_HOUND_ARYA: if i could expo i would get demolishers but i see nowhere safe
(55:14 / All) fighter: everywhere is safe now
(55:17 / All) fighter: my team is all cleaned up
(55:31 / All) THE_HOUND_ARYA: safe meaning somehwere where ur not hogging the cash flow
(55:46 / All) THE_HOUND_ARYA: my grace
(55:51 / All) fighter: You may expo on the right side of the map, wherever you wish
(56:03 / All) fighter: For you were not one of the illegal vagrants on my team and have earned it by crushing them 1v4
(56:17 / All) THE_HOUND_ARYA: much obliged, your grace
(56:19 / Allies) michael.: so teal
(56:22 / Allies) michael.: are u gonna give him the win?
(56:23 / All) THE_HOUND_ARYA: is it my grace or ur grace
(56:25 / Allies) fighter: yeah
(56:33 / Allies) michael.: ah
(56:37 / All) fighter: Your grace, I think
(56:53 / All) fighter: I haven't lost any of my army at all, this 80 food is the winning 80 food
(57:17 / All) THE_HOUND_ARYA: they are peasants and you are royalty
(57:18 / All) THE_HOUND_ARYA: thats y
(57:25 / All) THE_HOUND_ARYA: WOO HOO HOBBIT 2 COMES OUT TOMORROW
(57:28 / All) THE_HOUND_ARYA: BEST DAY OF MY LIFE
(57:30 / All) fighter: Green isn't talking much at all
(57:32 / All) fighter: no idea why
(58:03 / All) THE_HOUND_ARYA: hes from mother russia thats y
(59:17 / All) THE_HOUND_ARYA: fun game
(59:22 / All) THE_HOUND_ARYA: pink had a nifty tactic
(59:25 / All) fighter: We got lucky with our games tonight
(59:25 / All) THE_HOUND_ARYA: took out 2 bases quick
(59:48 / All) THE_HOUND_ARYA: naw we had this one wrapped up, island expos towered and u masss tp made it a wrap
(60:02 / All) fighter: I mean we got lucky not getting shit games
(60:05 / All) fighter: we had the worst luck for weeks
(60:08 / All) THE_HOUND_ARYA: aye
(60:10 / All) THE_HOUND_ARYA: aye
(60:15 / All) THE_HOUND_ARYA: that we did, your gracey
(60:21 / All) fighter: your gracey lol
(60:42 / All) THE_HOUND_ARYA: apologies your grace,
(60:55 / All) THE_HOUND_ARYA: i wonder if green is even aware of wut happened
(60:57 / All) THE_HOUND_ARYA: i know hes here
(61:13 / All) fighter: I think he barely speaks English, he must be google translating to Russian and not have much time to say anything himself
(62:01 / All) THE_HOUND_ARYA: i think im a child molest, i like that girl actor in games of throne
(62:07 / All) THE_HOUND_ARYA: aayra or w/e